 Dungeon Crawl Stone Soup version 0.31-a0-7-g51783674b7 (webtiles) character file.

Game seed: 862407426729022737

63 Pimp the Firebug (level 3, 0/26 HPs)
             Began as a Draconian Fire Elementalist on May 5, 2023.
             Succumbed to an adder's poison
             ... on level 2 of the Dungeon.
             The game lasted 00:03:19 (1648 turns).

Pimp the Firebug (Draconian Fire Elementalist)      Turns: 1648, Time: 00:03:20

Health: 0/26       AC:  5    Str: 10    XL:     3   Next: 89%
Magic:  6/6        EV: 12    Int: 17    God:
Gold:   66         SH:  0    Dex: 11    Spells: 5/6 levels left

rFire   . . .        c - +0 long sword
rCold   . . .        (no shield)
rNeg    . . .        (body armour unavailable)
rPois   .            (helmet restricted)
rElec   .            (no cloak)
rCorr   .            (no gloves)
SInv    .            (no boots)
Will    .....        (no amulet)
Stlth   ++           (no ring)
HPRegen 0.24/turn    (no ring)
MPRegen 0.10/turn

%: no passive effects
@: lethally poisoned (0 -> -1), about to teleport, weak-willed
A: AC +5, unfitting armour, cold-blooded
a: no special abilities


You were on level 2 of the Dungeon.
You visited 1 branch of the dungeon, and saw 2 of its levels.

You collected 66 gold pieces.

Inventory:

Hand Weapons
 c - a +0 long sword (weapon)
Scrolls
 d - 7 scrolls of identify {unknown}
 h - a scroll of amnesia {unknown}


   Skills:
 + Level 2.3 Dodging
 + Level 2.4 Stealth
 + Level 2.4 Spellcasting
 + Level 1.8 Conjurations
 + Level 3.4 Fire Magic


You had 5 spell levels left.
You knew the following spells:

 Your Spells              Type           Power      Damage    Failure   Level
a - Foxfire               Conj/Fire      44%        2x1d6     6%          1

Your spell library contained the following spells:

 Spells                   Type           Power      Damage    Failure   Level
 Scorch                   Fire           26%        2d6       7%          2
 Inner Flame              Hex/Fire       7%         N/A       28%         3
 Volatile Blastmotes      Fire/Tloc      14%        2d11      28%         3
 Flame Wave               Conj/Fire      11%        2d6       52%         4


Dungeon Overview and Level Annotations

Branches:
Dungeon (2/15)

Altars:


Innate Abilities, Weirdness & Mutations

Your plain brown scales are hard. (AC +5)
You cannot fit into any form of body armour.
You are cold-blooded and may be slowed by cold attacks.


Message History

The hobgoblin shouts!
You hit the hobgoblin but do no damage.
The hobgoblin hits you but does no damage.
The hobgoblin barely misses you.
You barely miss the hobgoblin. The hobgoblin barely misses you.
You closely miss the hobgoblin. The hobgoblin barely misses you.
The hobgoblin closely misses you.
As you read the scroll labelled HITATO RIEC, it crumbles to dust.
The scroll dissolves into smoke.
It was a scroll of fog.
The adder closely misses you. The hobgoblin closely misses you.
You barely miss the hobgoblin. The adder closely misses you.
The adder barely misses you.
The hobgoblin hits you but does no damage.
You closely miss the hobgoblin. The adder bites you but does no damage.
The hobgoblin closely misses you. The adder bites you but does no damage.
You closely miss the hobgoblin. The hobgoblin misses you.
The adder barely misses you. The hobgoblin hits you.
* * * LOW HITPOINT WARNING * * *
The adder barely misses you.
You hit the hobgoblin. You tail-slap the hobgoblin.
The hobgoblin is almost dead.
The adder barely misses you.
The hobgoblin hits you but does no damage.
You closely miss the hobgoblin. You tail-slap the hobgoblin.
You kill the hobgoblin!
The adder bites you.
* * * LOW HITPOINT WARNING * * *
You are lethally poisoned!
The adder poisons you! The adder misses you.
* * * LOW HITPOINT WARNING * * *
You feel sick. The adder bites you but does no damage.
As you read the scroll labelled LELOTS OLOO, it crumbles to dust.
Magic quickly surges around you.
It was a scroll of vulnerability.
* * * LOW HITPOINT WARNING * * *
You feel sick. The adder closely misses you.
* * * LOW HITPOINT WARNING * * *
You feel sick.
As you read the scroll labelled IRIZXUNUAWK, it crumbles to dust.
You feel strangely unstable.
It was a scroll of teleportation.
You die...

#######
#§g§§§#######
####S###......g#
#.§@§# ##..###.#
#.##§##.#...##.##
.. .§§
#........#### ##
.# ....##........
#. #. ##.#.####
#. # #.#.# #...#
...## ...


You could see an adder (weak-willed) and a hobgoblin (weak-willed).

Vanquished Creatures
  2 adders (D:2)
  A worm (D:2)
  3 ball pythons (D:2)
  6 bats
  7 endoplasms
  2 giant cockroaches (D:2)
  3 goblins
  4 hobgoblins
  2 quokkas
  2 frilled lizards
  5 kobolds
  3 rats
40 creatures vanquished.

Vanquished Creatures (others)
  53 foxfires
53 creatures vanquished.

Grand Total: 93 creatures vanquished

Notes
Turn   | Place    | Note
-------+----------+-------------------------------------------
     0 | D:1      | Pimp the Draconian Fire Elementalist began the quest for
                  | the Orb.
     0 | D:1      | Reached XP level 1. HP: 14/14 MP: 3/3
   226 | D:1      | Reached XP level 2. HP: 20/20 MP: 1/5
  1351 | D:2      | Reached XP level 3. HP: 26/26 MP: 2/6
  1621 | D:2      | Identified the +2 whip "Plojy" {vamp, rElec rF++ rN+++
                  | Int-5}
  1647 | D:2      | HP: 1/26 [poisoned by an adder]
  1648 | D:2      | Succumbed to an adder's poison

Illustrated notes

Levels and vault maps discovered:
D:1:      mrwooster_arrival_arrow, layout_basic
D:2:      layout_loops_ring, minmay_bisected

Skill      XL: |  1  2 |
---------------+-------+-----
Stealth        | 2 |  2.4
Dodging        | 2 |  2.3
Spellcasting   | |  2.4
Conjurations   | |  1.8
Fire Magic     | |  3.4

Action                     || total
---------------------------++-------
  Melee: Unarmed           ||    14
         Tailslap          ||     5
         Punch             ||     2
         Long sword        ||    58
   Cast: Foxfire           ||    39
    Use: Scroll            ||     4
         Potion            ||     1
   Stab: Sleeping          ||     2
 Armour: Skin              ||    42
  Dodge: Dodged            ||   100

Table legend: (Time is in decaauts)
 A = Elapsed time spent in this place.
 B = Non-inter-level travel time spent in this place.
 C = Inter-level travel time spent in this place.
 D = Time resting spent in this place.
 E = Time spent auto-exploring this place.
 F = Levels seen in this place.
 G = Mean time per level.
                   A        B        C        D        E       F      G
               +--------+--------+--------+--------+--------+-----+--------+
         Total |   1670 |   1641 |     29 |     93 |   1107 |   2 |  835.0 |
       Dungeon |   1670 |   1641 |     29 |     93 |   1107 |   2 |  835.0 |
               +--------+--------+--------+--------+--------+-----+--------+

Top non-repeatable levels by time:
     D:1: 1291 daAuts
     D:2: 379 daAuts
